 Dungeon Crawl Stone Soup version 0.31-a0-848-gaac375c287 (webtiles) character file.

Game seed: 1574228905628960566

8526 Joey1 the Severer (level 11, -6/97 HPs)
             Began as a Minotaur Berserker on Oct 4, 2023.
             Was a High Priest of Trog.
             Mangled by an orc warlord
             ... wielding a +7 battleaxe
              (15 damage)
             ... in a bailey.
             The game lasted 00:20:38 (8251 turns).

Joey1 the Severer (Minotaur Berserker)              Turns: 8251, Time: 00:20:39

Health: -6/97      AC: 12    Str: 26    XL:     11   Next: 11%
Magic:  10/10      EV:  9    Int:  4    God:    Trog [*****.]
Gold:   487        SH:  0    Dex: 10    Spells: 10/10 levels left

rFire   . . .        E - +0 broad axe
rCold   . . .        (no shield)
rNeg    . . .        B - +0 chain mail
rPois   .            (helmet restricted)
rElec   .            (no cloak)
rCorr   .            i - +0 pair of gloves
SInv    .            H - +0 pair of boots
Will    +....        (no amulet) Stlth
                     v - ring of willpower
HPRegen 0.36/turn    (no ring)
MPRegen 0.12/turn

%: no passive effects
@: on berserk cooldown, slowed, very slow
A: horns 2, retaliatory headbutt
a: Renounce Religion, Berserk, Trog's Hand, Brothers in Arms


You were in a bailey.
You worshipped Trog.
Trog was extremely pleased with you.
You visited 1 branch of the dungeon, and saw 9 of its levels.
You also visited: Bailey.

You collected 487 gold pieces.

Inventory:

Hand Weapons
 a - a +0 hand axe
 D - the +3 falchion "Amocak Vaca" {pain, +Blink}
   (You found it on level 5 of the Dungeon)

   +Blink:    It lets you blink.
 E - a +0 broad axe (weapon)
 I - a +0 flail of protection
 L - a +3 mace
Missiles
 A - 7 atropa-tipped darts
 J - 23 poisoned darts
 K - a curare-tipped dart
 O - 4 throwing nets
Armour
 b - a +0 animal skin
 i - a +0 pair of gloves (worn)
 q - a +0 ring mail
 B - a +0 chain mail (worn)
 H - a +0 pair of boots (worn)
Jewellery
 v - a ring of willpower (left hand)
 G - a +6 ring of dexterity
Wands
 F - a wand of polymorph (7)
 N - a wand of iceblast (14)
Scrolls
 c - 3 scrolls of enchant armour {unknown}
 d - a scroll of fog {unknown}
 e - a scroll of immolation {unknown}
 f - 2 scrolls of fear {unknown}
 g - 5 scrolls of teleportation
 h - 2 scrolls of revelation {unknown}
 l - a scroll of poison {unknown}
 o - 3 scrolls of butterflies {unknown}
 p - 5 scrolls of vulnerability
 r - a scroll of brand weapon {unknown}
 x - a scroll of torment {unknown}
 y - 4 scrolls of noise
 C - 6 scrolls of blinking {unknown}
 Q - 2 scrolls of enchant weapon {unknown}
Potions
 j - 2 potions of heal wounds
 k - 3 potions of degeneration
 m - 2 potions of attraction
 n - a potion of brilliance {unknown}
 s - a potion of resistance {unknown}
 t - a potion of berserk rage {unknown}
 u - 2 potions of haste {unknown}
 w - a potion of enlightenment {unknown}
 z - 3 potions of curing
 M - 2 potions of might {unknown}
 P - 2 potions of cancellation {unknown}


   Skills:
 + Level 9.5 Fighting
 - Level 18.0 Axes
 - Level 5.0 Armour
 - Level 2.1 Dodging


You had 10 spell levels left.
You didn't know any spells.
Your spell library was empty.

Dungeon Overview and Level Annotations

Branches:
Dungeon (9/15)             Temple (0/1) D:4            Lair (0/5) D:9
 Bailey (1/1)
    Orc: D:9-12

Altars:
Cheibriados
Hepliaklqana
Makhleb
Nemelex Xobeh
Okawaru
Qazlal
Ru
Sif Muna
Uskayaw
Vehumet
Wu Jian

Shops:
D:7 :


Innate Abilities, Weirdness & Mutations

You have a pair of horns on your head.
You reflexively headbutt those who attack you in melee.


Message History

Trog accepts your kill.
You slash the goblin!
You kill the goblin!
Trog accepts your kill.
The orc no longer looks unusually strong.
The orc warlord roars a battlecry!
The orc goes into a battle-frenzy!
You closely miss the goblin. You closely miss the goblin.
You slash the orc warlord!
The orc warlord is lightly wounded.
You closely miss the orc warlord.
The orc warlord is lightly wounded.
You slice the orc warlord!! You headbutt the orc warlord!!
The orc warlord is heavily wounded.
You hit the orc warlord.
The orc warlord is heavily wounded.
The orc warlord hits you with a +7 battleaxe!!
* * * LOW HITPOINT WARNING * * *
You slash the orc warlord!
The orc warlord is heavily wounded.
The orc warrior no longer looks unusually strong. x2
You slash the orc warlord!
You headbutt the orc warlord, but do no damage.
The orc warlord is heavily wounded.
You slash the orc warlord! Your headbutt misses the orc warlord.
The orc warlord is severely wounded.
The orc warlord hits you with a +7 battleaxe!!
* * * LOW HITPOINT WARNING * * *
You slice the orc warlord!!
You headbutt the orc warlord, but do no damage.
You punch the orc warlord, but do no damage.
The orc warlord is almost dead.
You hit the orc warlord.
The orc warlord is almost dead.
You are no longer berserk.
You are exhausted.
You feel yourself slow down.
The orc warlord hits you with a +7 battleaxe!
You die...

#...........#.........
#.))........#.........
###)).......###........
###.#'#.....###.###.....#
###.....###.###...
###.### ##.........###
.... ###.. #..........8#
o.... #...
#..........8#gg.... #...
#∩....⌠....@oog.... #...
#..........8#o..... #...
#..........8# ..... #...
##.........### .... ###..
###.....###.###...
###.###
###.#)#.....###.###.....#
###.).......###......))
#...........#.......))
#...........#.........


You could see an orc warlord, 2 orc warriors, an orc (strong) and 3 goblins.

Vanquished Creatures
  Harold (D:9)
  A two-headed ogre (D:8)
  An orc knight (Bailey)
  Joseph (D:7)
  Maggie (D:6)
  15 yaks
  3 water moccasins
  8 orc warriors (Bailey)
  3 black bears (D:9)
  An ogre (D:6)
  A sky beast (D:7)
  3 centaurs
  2 phantoms (D:5)
  2 kobold brigands
  3 bullfrogs
  A gnoll sergeant (D:8)
  2 scorpions
  6 wights
  6 killer bees (D:8)
  4 howler monkeys
  3 orc priests
  5 jellies
  2 sleepcaps
  5 iguanas
  Natasha (thrice) (D:2)
  4 orc wizards
  23 gnolls
  5 adders
  3 river rats (D:6)
  2 shadow imps
  2 ufetubi
  3 dart slugs
  30 orcs
  5 bats
  2 endoplasms
  A giant cockroach (D:1)
  19 goblins
  12 hobgoblins
  6 jackals
  4 quokkas
  6 ball pythons
  5 frilled lizards
  20 kobolds
  7 rats
242 creatures vanquished.

Notes
Turn   | Place    | Note
-------+----------+-------------------------------------------
     0 | D:1      | Joey1 the Minotaur Berserker began the quest for the Orb.
     0 | D:1      | Reached XP level 1. HP: 19/19 MP: 0/0
    87 | D:1      | Reached skill level 4 in Axes
   103 | D:1      | Reached XP level 2. HP: 26/27 MP: 1/1
   421 | D:1      | Reached ** piety under Trog
   422 | D:1      | Reached XP level 3. HP: 31/33 MP: 2/2
   628 | D:2      | Noticed Natasha
   636 | D:2      | Killed Natasha
   851 | D:2      | Noticed Natasha
   856 | D:2      | Killed Natasha
   857 | D:2      | Reached skill level 5 in Axes
   857 | D:2      | Reached XP level 4. HP: 34/41 MP: 3/3
   907 | D:2      | Noticed Natasha
   912 | D:2      | Killed Natasha
  1308 | D:3      | Reached XP level 5. HP: 18/47 MP: 4/4
  1489 | D:3      | Found a radiant altar of Vehumet.
  1491 | D:3      | Found a stormy altar of Qazlal.
  1667 | D:3      | HP: 1/47 [something/magic dart (3)]
  2183 | D:4      | Found a hide-covered altar of Uskayaw.
  2188 | D:4      | Reached skill level 6 in Axes
  2193 | D:4      | Found a shimmering blue altar of Sif Muna.
  2234 | D:4      | Reached *** piety under Trog
  2246 | D:4      | Found a staircase to the Ecumenical Temple.
  2393 | D:4      | Reached skill level 5 in Fighting
  2393 | D:4      | Reached XP level 6. HP: 50/56 MP: 5/5
  2813 | D:5      | Entered Level 5 of the Dungeon
  3061 | D:5      | Reached skill level 7 in Axes
  3179 | D:5      | Identified the +3 falchion "Amocak Vaca" {pain, +Blink}
  3209 | D:5      | Reached skill level 5 in Armour
  3438 | D:5      | Reached XP level 7. HP: 46/61 MP: 6/6
  3455 | D:5      | Reached skill level 8 in Axes
  4099 | D:6      | Noticed Maggie
  4111 | D:6      | Killed Maggie
  4112 | D:6      | Reached skill level 10 in Axes
  4113 | D:6      | Reached XP level 8. HP: 68/68 MP: 7/7
  4349 | D:6      | Reached skill level 11 in Axes
  4597 | D:6      | Found a hazy altar of Hepliaklqana.
  4600 | D:6      | Found a burning altar of Makhleb.
  4603 | D:6      | Found a sparkling altar of Nemelex Xobeh.
  4604 | D:6      | Found a snail-covered altar of Cheibriados.
  5101 | D:7      | Reached skill level 12 in Axes
  5309 | D:7      | Found an iron altar of Okawaru.
  5367 | D:7      | Reached **** piety under Trog
  5392 | D:7      | Reached skill level 13 in Axes
  5449 | D:7      | Found Immeeh's Book Shoppe.
  5524 | D:7      | Noticed Joseph
  5536 | D:7      | Killed Joseph
  5537 | D:7      | Reached XP level 9. HP: 50/74 MP: 8/8
  5714 | D:7      | Reached skill level 14 in Axes
  5837 | D:7      | Found an ornate altar of the Wu Jian Council.
  5840 | D:7      | Found a sacrificial altar of Ru.
  6435 | D:8      | Noticed a two-headed ogre
  6442 | D:8      | Killed a two-headed ogre
  6443 | D:8      | Reached skill level 15 in Axes
  6524 | D:8      | Reached skill level 16 in Axes
  7167 | D:8      | Reached XP level 10. HP: 67/81 MP: 9/9
  7318 | D:8      | Reached skill level 17 in Axes
  7475 | D:9      | Noticed Harold
  7480 | D:9      | Killed Harold
  7612 | D:9      | Found a staircase to the Lair.
  7666 | D:9      | Reached skill level 18 in Axes
  7820 | D:9      | Found a flagged portal.
  7900 | Bailey   | Entered a bailey
  7923 | Bailey   | Reached ***** piety under Trog
  8081 | Bailey   | Reached XP level 11. HP: 93/95 MP: 10/10
  8114 | Bailey   | Noticed an orc knight
  8130 | Bailey   | Killed an orc knight
  8217 | Bailey   | Noticed an orc warlord
  8251 | Bailey   | Mangled by an orc warlord

Illustrated notes

Levels and vault maps discovered:
D:1:      mrwooster_arrival_statue_2, layout_rooms
D:2:      layout_loops_ring, minmay_ruptured, uniq_natasha
D:3:      layout_rooms, chequers_temple_overflow_statue_of_worship,
          minmay_misc_feat_pillars, serial_bayou_pond_e, minmay_door_square
D:4:      layout_basic, mainiacjoe_overflow_large_starburst,
          minmay_temple_entry_drinking_statues
D:5:      layout_loops_corners
D:6:      wad_woods_settlement, layout_basic, mainiacjoe_overflow_alcove_3,
          uniq_maggie
D:7:      layout_cave_pools, nicolae_overflow_squiral, okawaru_trees_1,
          serial_shops, nicolae_book_shop_shelving, uniq_joseph
D:8:      layout_basic, serial_corexii_hall, corexii_hall_statues_x,
          corexii_hall_statues_i, chequers_hall_statues_corner_a,
          kennysheep_generic_room_7
D:9:      layout_cave_pods, due_lair_maze_entry_diamond,
          lightli_bailey_entry_fortress, amethyst_killhole, uniq_harold
Bailey:   bailey_axe_minmay_hex_keep, bailey

Skill      XL: |  1  2  3  4  5  6  7  8  9 10 11 |
---------------+----------------------------------+-----
Axes           | 4 5 6 7 10 13 16 18 | 18.0
Fighting       | 4 5 8 9 |  9.5
Armour         | 3 4 5 |  5.0
Dodging        | |  2.1

Action                     |  1- 3 |  4- 6 |  7- 9 | 10-12 || total
---------------------------+-------+-------+-------+-------++-------
  Melee: Hand axe          |    58 |   175 |    30 |       ||   263
         Headbutt          |     8 |    18 |    39 |    46 ||   111
         Punch             |     1 |       |       |     2 ||     3
         Broad axe         |       |       |   172 |   216 ||   388
 Invoke: Berserk           |       |     1 |     4 |     3 ||     8
         Trog's Hand       |       |     1 |     2 |     4 ||     7
    Use: Scroll            |       |       |     8 |       ||     8
 Armour: Animal skin       |    43 |    22 |       |       ||    65
         Ring mail         |       |    78 |       |       ||    78
         Chain mail        |       |    41 |   156 |   111 ||   308
  Dodge: Dodged            |    45 |    86 |    95 |    70 ||   296

Table legend: (Time is in decaauts)
 A = Elapsed time spent in this place.
 B = Non-inter-level travel time spent in this place.
 C = Inter-level travel time spent in this place.
 D = Time resting spent in this place.
 E = Time spent auto-exploring this place.
 F = Levels seen in this place.
 G = Mean time per level.
                   A        B        C        D        E       F      G
               +--------+--------+--------+--------+--------+-----+--------+
         Total |   8254 |   7768 |    486 |   1363 |   4848 |  10 |  825.4 |
       Dungeon |   7934 |   7448 |    486 |   1282 |   4848 |   9 |  881.6 |
        Bailey |    320 |    320 |      0 |     81 |      0 |   1 |  320.0 |
               +--------+--------+--------+--------+--------+-----+--------+

Top non-repeatable levels by time:
     D:5: 1285 daAuts
     D:8: 1228 daAuts
     D:7: 1152 daAuts
     D:6: 961 daAuts
     D:3: 938 daAuts
     D:2: 778 daAuts
     D:4: 590 daAuts
     D:1: 525 daAuts
     D:9: 473 daAuts
  Bailey: 320 daAuts
